[Event "European Online Club-ch-E 2021"]
[Site "Online"]
[Date "2021.03.27"]
[Round "2.3"]
[White "Lejeune, Gael"]
[Black "Valner, Uku"]
[Result "0-1"]
[ECO "E19"]
[WhiteElo "2070"]
[BlackElo "2296"]
[Annotator "NA"]
[PlyCount "68"]
[EventDate "2021.03.27"]
[EventType "team-tourn"]
[EventCountry "NET"]
[SourceTitle "playchess.com"]
[Source "ChessBase"]
[SourceQuality "1"]
[TimeControl "900+5"]

1. d4 e6 2. Nf3 Nf6 3. g3 b6 4. Bg2 Bb7 5. O-O Be7 6. c4 O-O 7. Nc3 Ne4 8. Qc2 Nxc3 9. Qxc3 d6 10. b3 Nd7 11. Bb2 Bf6 12. Qc2 g6 13. Rad1 Qe7 14. Nd2 Bxg2 15. Kxg2 Rac8 16. e4 e5 17. dxe5 dxe5 18. Nb1 Rfd8 19. Ba3 Qe6 20. Nc3 c6 21. Rd3 Be7 22. Bxe7 Qxe7 23. Rfd1 Nc5 24. Rxd8+ Rxd8 25. f3 Ne6 26. Rxd8+ Qxd8 27. Qd1 Nd4 28. Ne2 Qf6 29. Qd3 h5 30. b4 Qd6 31. b5 cxb5 32. cxb5 Qb4 33. Nc3 Qb2+ 34. Kg1 Qxc3 0-1

[Event "European Online Club-ch-E 2021"]
[Site "Online"]
[Date "2021.03.27"]
[Round "2.4"]
[White "Nestor, Kaarel"]
[Black "Thereze, Ludovic"]
[Result "1-0"]
[ECO "E11"]
[WhiteElo "2134"]
[BlackElo "2007"]
[Annotator "NA"]
[PlyCount "87"]
[EventDate "2021.03.27"]
[EventType "team-tourn"]
[EventCountry "NET"]
[SourceTitle "playchess.com"]
[Source "ChessBase"]
[SourceQuality "1"]
[TimeControl "900+5"]

1. d4 Nf6 2. Nf3 e6 3. c4 Bb4+ 4. Bd2 Qe7 5. a3 Bxd2+ 6. Nbxd2 d5 7. e3 O-O 8. Be2 b6 9. cxd5 exd5 10. Rc1 Ba6 11. b4 Bxe2 12. Qxe2 c6 13. Ne5 Rc8 14. O-O a5 15. Nd3 axb4 16. axb4 Ne4 17. Rc2 Nd7 18. Rfc1 Qd6 19. f3 Nxd2 20. Qxd2 Rc7 21. Qe1 f5 22. f4 Rac8 23. Ne5 Nxe5 24. fxe5 Qe7 25. Qf1 g6 26. Qa6 Qxb4 27. Qa2 f4 28. Rb1 Qf8 29. Rf2 Rf7 30. Rbf1 g5 31. Qb2 b5 32. h4 h6 33. hxg5 hxg5 34. exf4 Rxf4 35. Rxf4 gxf4 36. Qd2 Ra8 37. Rxf4 Ra1+ 38. Kf2 Qh6 39. Rg4+ Kh7 40. Qd3+ Kh8 41. Qf3 Qd2+ 42. Kg3 Qe1+ 43. Kf4 Ra2 44. Qh3+ 1-0

[Event "European Online Club-ch-E 2021"]
[Site "Online"]
[Date "2021.03.27"]
[Round "2.5"]
[White "Dedebas, Emre Emin"]
[Black "Westerberg, Jonathan"]
[Result "1/2-1/2"]
[ECO "D20"]
[WhiteElo "2335"]
[BlackElo "2534"]
[Annotator "ChessBase"]
[PlyCount "179"]
[EventDate "2021.03.27"]
[EventType "team-tourn"]
[EventCountry "NET"]
[SourceTitle "playchess.com"]
[Source "ChessBase"]
[SourceQuality "1"]
[TimeControl "900+5"]

1. d4 d5 2. c4 dxc4 3. e3 e5 4. Bxc4 exd4 5. exd4 Nf6 6. Nf3 Bd6 7. Qe2+ Qe7 8. Qxe7+ Bxe7 9. Nc3 a6 10. O-O O-O 11. Re1 Bd6 12. Bg5 Nbd7 13. Ne5 Nb6 14. Bb3 Be6 15. Bxe6 fxe6 16. Nd3 Rfe8 17. Bxf6 gxf6 18. Ne4 Kf7 19. Ndc5 Rab8 20. Rac1 Nd5 21. g3 Bf8 22. Kg2 Re7 23. a3 a5 24. Rc2 b6 25. Nd3 Rd8 26. Nd2 Red7 27. Nf3 Bh6 28. Rc6 Rd6 29. Rc4 c6 30. Re2 Ne7 31. b4 Ra8 32. Rec2 axb4 33. Nxb4 Rxa3 34. Nxc6 Ra8 35. Nxe7 Kxe7 36. Rb2 Rb8 37. Rc7+ Rd7 38. Rc6 b5 39. Re2 Rd6 40. Rc7+ Kf8 41. Rxh7 Bg7 42. Rb2 b4 43. Rb3 Rc6 44. Rh5 f5 45. g4 fxg4 46. Ne5 Rd6 47. Rg5 Bxe5 48. dxe5 Rd4 49. Kg3 Rb5 50. Rxg4 Rxg4+ 51. Kxg4 Rxe5 52. Rxb4 Kg7 53. h4 Kg6 54. f3 Re1 55. Re4 Rg1+ 56. Kh3 Kf5 57. Kh2 Rg8 58. Kh3 Rg1 59. Rg4 Rh1+ 60. Kg2 Rc1 61. h5 e5 62. h6 Rc6 63. Rh4 Rc8 64. Kf2 Rh8 65. Ke3 Kg5 66. Rh1 Kf5 67. h7 Kg6 68. Ke4 Kf6 69. Rh2 Kg7 70. Kxe5 Re8+ 71. Kd4 Kh8 72. f4 Rf8 73. Ke4 Re8+ 74. Kf3 Rf8 75. Kg4 Rf7 76. Kg5 Rg7+ 77. Kf6 Rf7+ 78. Ke5 Re7+ 79. Kf5 Rf7+ 80. Kg4 Rg7+ 81. Kf3 Rf7 82. Rh5 Re7 83. f5 Rxh7 84. Rxh7+ Kxh7 85. Ke4 Kg7 86. Ke5 Kf7 87. f6 Kf8 88. Ke6 Ke8 89. f7+ Kf8 90. Kf6 1/2-1/2

[Event "European Online Club-ch-E 2021"]
[Site "Online"]
[Date "2021.03.27"]
[Round "2.6"]
[White "Seo, Jung Min"]
[Black "Angun, Batu"]
[Result "0-1"]
[ECO "B40"]
[WhiteElo "2453"]
[BlackElo "2326"]
[Annotator "ChessBase"]
[PlyCount "80"]
[EventDate "2021.03.27"]
[EventType "team-tourn"]
[EventCountry "NET"]
[SourceTitle "playchess.com"]
[Source "ChessBase"]
[SourceQuality "1"]
[TimeControl "900+5"]

1. e4 c5 2. Nf3 e6 3. g3 Nc6 4. Bg2 g6 5. d4 Nxd4 6. Nxd4 cxd4 7. Qxd4 Qf6 8. e5 Qd8 9. Nc3 Bg7 10. O-O d5 11. Re1 h6 12. Qc5 b6 13. Qb4 Ne7 14. Nb5 O-O 15. f4 Bd7 16. Nd6 Nc8 17. Nb5 Ne7 18. a4 a5 19. Qb3 Nf5 20. Bd2 Rc8 21. c3 Bxb5 22. Qxb5 Re8 23. Qd3 Bf8 24. Kh1 Bc5 25. Bh3 d4 26. Bxf5 exf5 27. c4 Rc7 28. b3 Rce7 29. Qf3 Re6 30. Qd5 Qe7 31. Rad1 h5 32. Qf3 Kg7 33. Kg2 f6 34. exf6+ Qxf6 35. Rxe6 Rxe6 36. Re1 Rxe1 37. Bxe1 Qe7 38. Bf2 Qe4 39. h3 d3 40. Bxc5 d2 0-1

[Event "European Online Club-ch-E 2021"]
[Site "Online"]
[Date "2021.03.27"]
[Round "2.7"]
[White "Ozenir, Ekin Baris"]
[Black "Hauge, Lars Oskar"]
[Result "1-0"]
[ECO "A80"]
[WhiteElo "2309"]
[BlackElo "2483"]
[Annotator "ChessBase"]
[PlyCount "49"]
[EventDate "2021.03.27"]
[EventType "team-tourn"]
[EventCountry "NET"]
[SourceTitle "playchess.com"]
[Source "ChessBase"]
[SourceQuality "1"]
[TimeControl "900+5"]

1. d4 f5 2. Bg5 h6 3. Bh4 g5 4. e3 Bg7 5. Bg3 c5 6. c3 Qb6 7. Na3 d6 8. Nc4 Qc7 9. h4 f4 10. exf4 g4 11. d5 Nf6 12. Ne3 O-O 13. Bd3 Nbd7 14. Ne2 Nb6 15. Bc2 Nh5 16. f5 Nd7 17. Nf4 Nxf4 18. Bxf4 h5 19. f3 Ne5 20. fxg4 Nxg4 21. Nxg4 hxg4 22. Qxg4 Qb6 23. O-O-O Bd7 24. Rh3 Rf7 25. Rg3 1-0

[Event "European Online Club-ch-E 2021"]
[Site "Online"]
[Date "2021.03.27"]
[Round "2.8"]
[White "Arman, Deniz"]
[Black "Dolgun, Can"]
[Result "1/2-1/2"]
[ECO "C69"]
[WhiteElo "2336"]
[BlackElo "2133"]
[Annotator "NA"]
[PlyCount "104"]
[EventDate "2021.03.27"]
[EventType "team-tourn"]
[EventCountry "NET"]
[SourceTitle "playchess.com"]
[Source "ChessBase"]
[SourceQuality "1"]
[TimeControl "900+5"]

1. e4 e5 2. Nf3 Nc6 3. Bb5 a6 4. Bxc6 dxc6 5. O-O f6 6. d4 exd4 7. Nxd4 c5 8. Ne2 Qxd1 9. Rxd1 Bd7 10. Nbc3 O-O-O 11. Bf4 Ne7 12. Nd5 Nxd5 13. Rxd5 Be7 14. Rad1 Bc6 15. Rxd8+ Rxd8 16. Rxd8+ Kxd8 17. f3 b5 18. Kf2 Kd7 19. h4 f5 20. exf5 Bxh4+ 21. Ke3 Bf6 22. c3 b4 23. g4 h6 24. cxb4 cxb4 25. b3 Bd5 26. Nc1 c5 27. Nd3 Bd4+ 28. Ke2 a5 29. Ne5+ Ke7 30. Kd3 a4 31. bxa4 Ke8 32. a5 Bxa2 33. a6 Bd5 34. a7 b3 35. Nc4 b2 36. Na3 Bxf3 37. g5 hxg5 38. Bxg5 Bd5 39. Be3 Bxe3 40. Kxe3 Kf7 41. Kd3 Kf6 42. Kc3 Kxf5 43. Kxb2 g5 44. Nc4 Kf4 45. Kc3 g4 46. Kd2 Kg3 47. Ne3 Bb7 48. Kd3 Kf3 49. Nxg4 Kxg4 50. Kc4 Bh1 51. Kxc5 Kf5 52. a8=Q Bxa8 1/2-1/2

[Event "European Online Club-ch-E 2021"]
[Site "Online"]
[Date "2021.03.27"]
[Round "2.9"]
[White "Pavlidis, Antonios"]
[Black "Chatalbashev, Boris"]
[Result "0-1"]
[ECO "B06"]
[WhiteElo "2536"]
[BlackElo "2530"]
[Annotator "ChessBase"]
[PlyCount "70"]
[EventDate "2021.03.27"]
[EventType "team-tourn"]
[EventCountry "NET"]
[SourceTitle "playchess.com"]
[Source "ChessBase"]
[SourceQuality "1"]
[TimeControl "900+5"]

1. e4 g6 2. d4 Bg7 3. Nc3 d5 4. exd5 Nf6 5. Bc4 Nbd7 6. Qf3 Nb6 7. Bb3 Bg4 8. Qg3 Bf5 9. Qf3 Bg4 10. Qg3 Bf5 11. Nf3 O-O 12. Qh4 a5 13. a4 Nbxd5 14. Bh6 Nxc3 15. bxc3 Be4 16. Ng5 Bxg2 17. Rg1 Bd5 18. c4 Bc6 19. d5 Bd7 20. O-O-O Bf5 21. c5 b6 22. d6 cxd6 23. cxd6 exd6 24. Bxg7 Kxg7 25. Qf4 d5 26. Qxf5 gxf5 27. Ne6+ Kh8 28. Nxd8 Raxd8 29. Rg5 Ne4 30. Rxf5 d4 31. Bd5 Nc3 32. Rd3 Rxd5 33. Rxd5 Nxd5 34. Rxd4 Nb4 35. c3 Na6 0-1

[Event "European Online Club-ch-E 2021"]
[Site "Online"]
[Date "2021.03.27"]
[Round "2.10"]
[White "Moreno Trujillo, Alejandro"]
[Black "Kanakaris, Georgios"]
[Result "1/2-1/2"]
[ECO "E38"]
[WhiteElo "2483"]
[BlackElo "2400"]
[Annotator "ChessBase"]
[PlyCount "135"]
[EventDate "2021.03.27"]
[EventType "team-tourn"]
[EventCountry "NET"]
[SourceTitle "playchess.com"]
[Source "ChessBase"]
[SourceQuality "1"]
[TimeControl "900+5"]

1. d4 Nf6 2. c4 e6 3. Nc3 Bb4 4. Qc2 c5 5. dxc5 Bxc5 6. Nf3 Qb6 7. e3 Be7 8. a3 O-O 9. Bd3 d6 10. b4 Nbd7 11. Bb2 a6 12. O-O Qc7 13. Rfd1 h6 14. Nd4 Ne5 15. Rac1 Nxd3 16. Qxd3 Rd8 17. Ne4 Nxe4 18. Qxe4 Bd7 19. Qg4 Bf8 20. Qg3 Ba4 21. Re1 Rac8 22. Ne2 Bb3 23. Nf4 Qe7 24. Nh5 Qg5 25. Qxg5 hxg5 26. c5 dxc5 27. bxc5 Rd5 28. Ng3 Rdxc5 29. Ne4 Rxc1 30. Rxc1 Rxc1+ 31. Bxc1 f6 32. f3 Kf7 33. Kf2 Bc2 34. Nc3 b5 35. Ke2 b4 36. axb4 Bxb4 37. Kd2 Bb3 38. Kd3 a5 39. Nb1 Ba4 40. Kc4 Bc6 41. Nc3 g4 42. e4 gxf3 43. gxf3 Kg6 44. Ne2 Bd7 45. Nf4+ Kf7 46. Nd3 Bd6 47. f4 Bc7 48. Kc5 Ba4 49. Kc4 Bc2 50. Nc5 Bb6 51. e5 fxe5 52. fxe5 a4 53. Kb4 Bxc5+ 54. Kxc5 Kg6 55. Kb4 Kf5 56. Bb2 Kf4 57. Bc3 Kf3 58. Be1 Ke4 59. Bg3 Kd4 60. Ka3 g6 61. Kb4 Bd1 62. Ka3 Kc3 63. Be1+ Kd3 64. Bg3 Kc4 65. Be1 Kd3 66. Bg3 Kd4 67. Kb4 Kd3 68. Ka3 1/2-1/2

[Event "European Online Club-ch-E 2021"]
[Site "Online"]
[Date "2021.03.27"]
[Round "2.11"]
[White "Koutlas, Nikolaos"]
[Black "Garrido Dominguez, Jesus"]
[Result "1-0"]
[ECO "B07"]
[WhiteElo "2078"]
[BlackElo "2413"]
[Annotator "NA"]
[PlyCount "67"]
[EventDate "2021.03.27"]
[EventType "team-tourn"]
[EventCountry "NET"]
[SourceTitle "playchess.com"]
[Source "ChessBase"]
[SourceQuality "1"]
[TimeControl "900+5"]

1. c4 d6 2. Nc3 Nf6 3. e4 e5 4. g3 h5 5. h3 h4 6. g4 Nc6 7. d3 Nd7 8. Bg2 Nc5 9. f4 Ne6 10. Nge2 g6 11. Be3 Bh6 12. Nd5 exf4 13. Nexf4 Nxf4 14. Nxf4 Bxf4 15. Bxf4 Qf6 16. Qd2 Nd4 17. O-O Ne6 18. Be3 Qe7 19. d4 c5 20. d5 Nf8 21. Bg5 Qc7 22. Bf6 Rh7 23. e5 Nd7 24. exd6 Qxd6 25. Rae1+ Kf8 26. Be7+ Qxe7 27. Rxe7 Kxe7 28. d6+ Kf8 29. Qe3 f6 30. g5 f5 31. Re1 Kg8 32. Bd5+ Kh8 33. Qe8+ Kg7 34. Qg8# 1-0

[Event "European Online Club-ch-E 2021"]
[Site "Online"]
[Date "2021.03.27"]
[Round "2.12"]
[White "Soham Das"]
[Black "Apostolakakis, Konstantinos"]
[Result "0-1"]
[ECO "A47"]
[WhiteElo "2385"]
[BlackElo "2074"]
[Annotator "NA"]
[PlyCount "80"]
[EventDate "2021.03.27"]
[EventType "team-tourn"]
[EventCountry "NET"]
[SourceTitle "playchess.com"]
[Source "ChessBase"]
[SourceQuality "1"]
[TimeControl "900+5"]

1. d4 Nf6 2. Bf4 e6 3. e3 b6 4. Nd2 Bb7 5. Ngf3 c5 6. c3 cxd4 7. exd4 d6 8. Bd3 Be7 9. O-O O-O 10. a4 a6 11. Re1 Nbd7 12. Qe2 Qc7 13. h3 Rfe8 14. Ng5 Bf8 15. Nde4 h6 16. Nf3 Nxe4 17. Bxe4 Bxe4 18. Qxe4 Nf6 19. Qd3 Qb7 20. c4 d5 21. b3 Red8 22. Rad1 Rac8 23. Ne5 a5 24. Qf3 Be7 25. g4 Bb4 26. Re2 Ne4 27. cxd5 exd5 28. Nd3 Nc3 29. Re3 Nxd1 30. Qxd1 Re8 31. Qf3 Rxe3 32. Bxe3 Bd6 33. Bd2 Rc2 34. Qe2 Qe7 35. Qd1 Rc8 36. f3 Qf6 37. Be3 Re8 38. Qd2 Qh4 39. Qf2 Bg3 40. Qe2 Qxh3 0-1

[Event "European Online Club-ch-E 2021"]
[Site "Online"]
[Date "2021.03.27"]
[Round "2.14"]
[White "Postny, Evgeny"]
[Black "Caglar, Sila"]
[Result "1-0"]
[ECO "E92"]
[WhiteElo "2605"]
[BlackElo "2250"]
[Annotator "ChessBase"]
[PlyCount "67"]
[EventDate "2021.03.27"]
[EventType "team-tourn"]
[EventCountry "NET"]
[SourceTitle "playchess.com"]
[Source "ChessBase"]
[SourceQuality "1"]
[TimeControl "900+5"]

1. d4 Nf6 2. c4 g6 3. Nc3 Bg7 4. e4 d6 5. Nf3 O-O 6. Be2 e5 7. d5 a5 8. h3 Na6 9. Bg5 Bd7 10. Nd2 Qe8 11. O-O h6 12. Be3 Nh7 13. a3 f5 14. f3 f4 15. Bf2 g5 16. b4 h5 17. c5 Nf6 18. cxd6 cxd6 19. Nc4 g4 20. Nxd6 Qg6 21. Nf5 Bxf5 22. exf5 Qxf5 23. fxg4 hxg4 24. hxg4 Qg5 25. b5 e4 26. bxa6 f3 27. gxf3 exf3 28. Bxf3 Nxg4 29. Ne4 Nxf2+ 30. Nxg5 Nxd1 31. Raxd1 Rxa6 32. Ne6 Rf5 33. Be2 Re5 34. Bxa6 1-0

[Event "European Online Club-ch-E 2021"]
[Site "Online"]
[Date "2021.03.27"]
[Round "2.15"]
[White "Kocyigit, Buse Naz"]
[Black "Steinberg, Nitzan"]
[Result "0-1"]
[ECO "D45"]
[WhiteElo "2143"]
[BlackElo "2553"]
[Annotator "ChessBase"]
[PlyCount "74"]
[EventDate "2021.03.27"]
[EventType "team-tourn"]
[EventCountry "NET"]
[SourceTitle "playchess.com"]
[Source "ChessBase"]
[SourceQuality "1"]
[TimeControl "900+5"]

1. Nf3 d5 2. d4 Nf6 3. c4 c6 4. Nc3 e6 5. e3 Nbd7 6. Qc2 Bd6 7. Be2 dxc4 8. a4 O-O 9. Bxc4 e5 10. O-O Qe7 11. h3 a5 12. Rd1 Kh8 13. Bb3 b6 14. Ng5 h6 15. Nge4 Bb8 16. d5 Bb7 17. d6 Qd8 18. Nxf6 Qxf6 19. Ne4 Qg6 20. Ng3 f5 21. e4 f4 22. Nf5 Nc5 23. f3 Ba7 24. Kh1 Rad8 25. Bc4 Bb8 26. b3 Qf6 27. Ba3 Kh7 28. Bxc5 bxc5 29. Qc3 g6 30. Qxa5 gxf5 31. exf5 Bc8 32. Qxc5 Bxf5 33. Qxc6 Qh4 34. Bf1 Rg8 35. d7 Ba7 36. Ra2 Bxh3 37. Bd3+ Bf5# 0-1

[Event "European Online Club-ch-E 2021"]
[Site "Online"]
[Date "2021.03.27"]
[Round "2.16"]
[White "Huzman, Alexander"]
[Black "Ince, Safiye Oyku"]
[Result "1-0"]
[ECO "A33"]
[WhiteElo "2561"]
[BlackElo "1995"]
[Annotator "ChessBase"]
[PlyCount "105"]
[EventDate "2021.03.27"]
[EventType "team-tourn"]
[EventCountry "NET"]
[SourceTitle "playchess.com"]
[Source "ChessBase"]
[SourceQuality "1"]
[TimeControl "900+5"]

1. Nf3 Nf6 2. g3 e6 3. Bg2 c5 4. O-O Be7 5. c4 O-O 6. d4 cxd4 7. Nxd4 Nc6 8. Nc3 a6 9. Bf4 Nxd4 10. Qxd4 d6 11. Qd2 Qc7 12. Rac1 e5 13. Bg5 Be6 14. Rfd1 Ne8 15. Bxe7 Qxe7 16. Nd5 Bxd5 17. Qxd5 Rb8 18. c5 dxc5 19. Qxc5 Qe6 20. Bd5 Qg4 21. Bf3 Qe6 22. Qd5 Nf6 23. Qxe6 fxe6 24. e3 Rf7 25. Rd6 e4 26. Be2 Re7 27. Rc4 Kf7 28. Kf1 Ke8 29. Bd1 Rd8 30. Rxd8+ Kxd8 31. Bb3 e5 32. Rc5 Kd7 33. Ke2 Kd6 34. Rc8 Rc7 35. Rb8 Kc6 36. h3 Rd7 37. Ba4+ b5 38. Bb3 a5 39. a4 b4 40. Rb5 Ra7 41. Rxe5 Kd6 42. Rb5 Kc6 43. Bc4 Kd6 44. b3 Kc6 45. g4 h6 46. Rf5 Kb6 47. Re5 Kc6 48. Kf1 Kd6 49. Rb5 Kc6 50. Kg2 Kd6 51. Kg3 g5 52. Rb6+ Ke7 53. Re6+ 1-0

[Event "European Online Club-ch-E 2021"]
[Site "Online"]
[Date "2021.03.27"]
[Round "2.20"]
[White "Cornette, Matthieu"]
[Black "Durarbayli, Vasif"]
[Result "0-1"]
[ECO "C28"]
[WhiteElo "2555"]
[BlackElo "2606"]
[Annotator "ChessBase"]
[PlyCount "106"]
[EventDate "2021.03.27"]
[EventType "team-tourn"]
[EventCountry "NET"]
[SourceTitle "playchess.com"]
[Source "ChessBase"]
[SourceQuality "1"]
[TimeControl "900+5"]

1. e4 e5 2. Nc3 Nf6 3. Bc4 Nc6 4. d3 Na5 5. Bb3 Be7 6. f4 Nxb3 7. axb3 d6 8. Nf3 exf4 9. Bxf4 O-O 10. O-O Be6 11. Qe1 a6 12. h3 Qd7 13. d4 c6 14. Rd1 Rae8 15. g4 Bd8 16. Qg3 d5 17. e5 Ne4 18. Nxe4 dxe4 19. Ng5 f5 20. exf6 Bxf6 21. Nxe6 Qxe6 22. Be3 Be7 23. Rxf8+ Rxf8 24. Rf1 Rxf1+ 25. Kxf1 Bd6 26. Qh4 Be7 27. Qf2 h5 28. Qf4 Bd6 29. Qg5 Qf7+ 30. Ke1 Bg3+ 31. Kd2 Qf1 32. Kc3 Be1+ 33. Bd2 Qxh3+ 34. Kc4 Bxd2 35. Qxd2 Qxg4 36. Kc5 h4 37. Kb6 h3 38. Qh2 Qe6 39. Kxb7 e3 40. Qe2 Qd7+ 41. Kxa6 Qxd4 42. Qh5 Qd7 43. Kb6 Qe6 44. Qe2 g6 45. c4 Kg7 46. b4 Qe5 47. b5 h2 48. Qe1 cxb5 49. c5 e2 50. c6 h1=Q 51. Qxh1 e1=Q 52. Qxe1 Qxe1 53. c7 Qe8 0-1

[Event "European Online Club-ch-E 2021"]
[Site "Online"]
[Date "2021.03.27"]
[Round "3.2"]
[White "Helie, Marc"]
[Black "Moussard, Jules"]
[Result "0-1"]
[ECO "A86"]
[WhiteElo "2083"]
[BlackElo "2635"]
[Annotator "ChessBase"]
[PlyCount "88"]
[EventDate "2021.03.27"]
[EventType "team-tourn"]
[EventCountry "NET"]
[SourceTitle "playchess.com"]
[Source "ChessBase"]
[SourceQuality "1"]
[TimeControl "900+5"]

1. d4 f5 2. g3 Nf6 3. Bg2 g6 4. Nh3 Bg7 5. O-O O-O 6. c4 d6 7. Nc3 c6 8. d5 e5 9. dxe6 Bxe6 10. Qb3 Qb6 11. Bf4 Rd8 12. Rad1 Ne8 13. Ng5 Bc8 14. c5+ Qxb3 15. axb3 h6 16. Nf3 d5 17. e4 fxe4 18. Nxe4 Na6 19. Nd6 Nxc5 20. Nxc8 Raxc8 21. b4 Ne4 22. Be5 Bxe5 23. Nxe5 Kg7 24. Rfe1 N8f6 25. f3 Nd6 26. Bh3 Rc7 27. Nd3 Nh7 28. Nc5 Nf8 29. Re2 b6 30. Nd3 Re8 31. Rde1 Rxe2 32. Rxe2 Kf6 33. Kf2 g5 34. Ne5 c5 35. bxc5 bxc5 36. Ng4+ Kg7 37. Rd2 d4 38. Ne5 Ng6 39. Nd7 h5 40. Be6 g4 41. b4 gxf3 42. Kxf3 c4 43. Rxd4 c3 44. Nc5 c2 0-1

[Event "European Online Club-ch-E 2021"]
[Site "Online"]
[Date "2021.03.27"]
[Round "3.3"]
[White "Gozzoli, Yannick"]
[Black "Barbini, Denis"]
[Result "1-0"]
[ECO "D44"]
[WhiteElo "2600"]
[BlackElo "2035"]
[Annotator "ChessBase"]
[PlyCount "33"]
[EventDate "2021.03.27"]
[EventType "team-tourn"]
[EventCountry "NET"]
[SourceTitle "playchess.com"]
[Source "ChessBase"]
[SourceQuality "1"]
[TimeControl "900+5"]

1. d4 d5 2. c4 c6 3. Nf3 Nf6 4. Nc3 e6 5. Bg5 dxc4 6. e4 b5 7. e5 h6 8. Bh4 g5 9. exf6 gxh4 10. Ne5 Qxf6 11. a4 Bb4 12. Be2 Bb7 13. Bf3 a6 14. axb5 axb5 15. Rxa8 Bxa8 16. Qa1 Bb7 17. Qa7 1-0

[Event "European Online Club-ch-E 2021"]
[Site "Online"]
[Date "2021.03.27"]
[Round "3.4"]
[White "Marchadour, Emilie"]
[Black "Cornette, Matthieu"]
[Result "0-1"]
[ECO "C70"]
[WhiteElo "2006"]
[BlackElo "2555"]
[Annotator "ChessBase"]
[PlyCount "120"]
[EventDate "2021.03.27"]
[EventType "team-tourn"]
[EventCountry "NET"]
[SourceTitle "playchess.com"]
[Source "ChessBase"]
[SourceQuality "1"]
[TimeControl "900+5"]

1. e4 e5 2. Nf3 Nc6 3. Bb5 a6 4. Ba4 g6 5. O-O Bg7 6. c3 b5 7. Bc2 d6 8. h3 Nge7 9. d3 O-O 10. Bg5 h6 11. Bh4 f5 12. d4 f4 13. Bxe7 Qxe7 14. a4 Rb8 15. axb5 axb5 16. d5 Nd8 17. Nbd2 g5 18. Nh2 Qf7 19. Ra7 h5 20. f3 Bf6 21. Qe2 Qd7 22. Rfa1 Nf7 23. Bd3 Nh6 24. Ra8 Rxa8 25. Rxa8 Qg7 26. Bxb5 g4 27. fxg4 hxg4 28. hxg4 Bh4 29. Ndf3 Bg3 30. g5 Nf7 31. Ba6 Bd7 32. Rxf8+ Qxf8 33. g6 Nh6 34. Qc4 Qb8 35. b4 Kg7 36. Ng5 Qb6+ 37. Kh1 Bxh2 38. Kxh2 Qf2 39. Nf3 Ng4+ 40. Kh1 Ne3 41. Qe2 Qg3 42. Kg1 Qxg6 43. Bd3 Bh3 44. Nh4 Qg5 45. Qf2 Bg4 46. Nf5+ Bxf5 47. exf5 Nxd5 48. Qa7 f3 49. Bf1 fxg2 50. Bxg2 Qe3+ 51. Qxe3 Nxe3 52. Be4 Kf6 53. Kf2 Nd1+ 54. Kf3 Nxc3 55. Bb7 Kxf5 56. Ke3 d5 57. Kd3 d4 58. Bc6 Ke6 59. Bg2 Nd5 60. b5 Kd6 0-1

[Event "European Online Club-ch-E 2021"]
[Site "Online"]
[Date "2021.03.27"]
[Round "3.8"]
[White "Safarli, Eltaj"]
[Black "Huzman, Alexander"]
[Result "1/2-1/2"]
[ECO "B30"]
[WhiteElo "2598"]
[BlackElo "2561"]
[Annotator "ChessBase"]
[PlyCount "68"]
[EventDate "2021.03.27"]
[EventType "team-tourn"]
[EventCountry "NET"]
[SourceTitle "playchess.com"]
[Source "ChessBase"]
[SourceQuality "1"]
[TimeControl "900+5"]

1. e4 c5 2. Nc3 Nc6 3. Bb5 Nd4 4. Nf3 e6 5. O-O a6 6. Bd3 Nc6 7. e5 d5 8. exd6 Bxd6 9. Re1 Nf6 10. Ne4 O-O 11. Nxf6+ Qxf6 12. Be4 Nd4 13. c3 Nxf3+ 14. Qxf3 Qxf3 15. Bxf3 Ra7 16. d4 cxd4 17. cxd4 b5 18. Be3 Bb7 19. Bxb7 Rxb7 20. Rac1 Rd8 21. Rc6 a5 22. Bg5 f6 23. Rxe6 Bxh2+ 24. Kxh2 fxg5 25. Red6 Rxd6 26. Rxd6 Rc7 27. Rd5 b4 28. Rxa5 Rc2 29. b3 Rxf2 30. Rxg5 Rd2 31. Rd5 Kf7 32. Rd7+ Kf6 33. Rd6+ Ke7 34. Rd5 Ke6 1/2-1/2

[Event "European Online Club-ch-E 2021"]
[Site "Online"]
[Date "2021.03.27"]
[Round "3.9"]
[White "Chatalbashev, Boris"]
[Black "Ozturk Orenli, Kubra"]
[Result "1-0"]
[ECO "D22"]
[WhiteElo "2530"]
[BlackElo "2330"]
[Annotator "ChessBase"]
[PlyCount "47"]
[EventDate "2021.03.27"]
[EventType "team-tourn"]
[EventCountry "NET"]
[SourceTitle "playchess.com"]
[Source "ChessBase"]
[SourceQuality "1"]
[TimeControl "900+5"]

1. d4 d5 2. c4 dxc4 3. Nf3 a6 4. e3 b5 5. a4 Bb7 6. b3 Nf6 7. bxc4 bxc4 8. Bxc4 e6 9. Nbd2 c5 10. Rb1 Bd5 11. O-O Nc6 12. Qe2 Bxc4 13. Qxc4 Qd5 14. Rb6 Nb4 15. Ne5 Be7 16. Ba3 Qxc4 17. Ndxc4 Nfd5 18. Rb7 f6 19. dxc5 Bxc5 20. Nc6 Nxc6 21. Bxc5 Nde7 22. Rfb1 Kf7 23. Bxe7 Nxe7 24. Nd6+ 1-0

[Event "European Online Club-ch-E 2021"]
[Site "Online"]
[Date "2021.03.27"]
[Round "3.10"]
[White "Caglar, Sila"]
[Black "Moreno Trujillo, Alejandro"]
[Result "0-1"]
[ECO "C07"]
[WhiteElo "2250"]
[BlackElo "2483"]
[Annotator "ChessBase"]
[PlyCount "72"]
[EventDate "2021.03.27"]
[EventType "team-tourn"]
[EventCountry "NET"]
[SourceTitle "playchess.com"]
[Source "ChessBase"]
[SourceQuality "1"]
[TimeControl "900+5"]

1. e4 e6 2. d4 d5 3. Nd2 c5 4. c3 cxd4 5. cxd4 dxe4 6. Nxe4 Nf6 7. Nc3 Bd7 8. Nf3 Bc6 9. Be2 Nbd7 10. O-O Bd6 11. Bb5 Bxb5 12. Nxb5 Bb8 13. Bg5 h6 14. Bh4 O-O 15. Rc1 Bf4 16. Rc2 Qa5 17. Na3 Rac8 18. Bg3 Bxg3 19. hxg3 Nb6 20. Qd3 Rxc2 21. Nxc2 Qxa2 22. Ra1 Qxb2 23. Rxa7 Nbd5 24. Ne3 Nxe3 25. Qxe3 Rc8 26. Ne5 Rc1+ 27. Kh2 Qb1 28. g4 Ne4 29. g3 Rh1+ 30. Kg2 Qf1+ 31. Kf3 Ng5+ 32. Kf4 Nh3+ 33. Kf3 Qd1+ 34. Kg2 Rg1+ 35. Kh2 Ng5 36. Qd3 Rh1+ 0-1

[Event "European Online Club-ch-E 2021"]
[Site "Online"]
[Date "2021.03.27"]
[Round "3.11"]
[White "Garrido Dominguez, Jesus"]
[Black "Ince, Safiye Oyku"]
[Result "1-0"]
[ECO "B44"]
[WhiteElo "2413"]
[BlackElo "1995"]
[Annotator "NA"]
[PlyCount "91"]
[EventDate "2021.03.27"]
[EventType "team-tourn"]
[EventCountry "NET"]
[SourceTitle "playchess.com"]
[Source "ChessBase"]
[SourceQuality "1"]
[TimeControl "900+5"]

1. e4 c5 2. Nf3 e6 3. d4 cxd4 4. Nxd4 Nc6 5. Nxc6 bxc6 6. Bd3 e5 7. Nd2 Nf6 8. c4 Bc5 9. b3 Bd4 10. Rb1 O-O 11. Nf3 Bc3+ 12. Bd2 Bxd2+ 13. Qxd2 d5 14. cxd5 cxd5 15. Nxe5 dxe4 16. Bc4 Bb7 17. Qxd8 Raxd8 18. O-O Bd5 19. Rbd1 Bxc4 20. Nxc4 Nd5 21. Rd2 Nc3 22. Rc2 Nb5 23. Ne3 f5 24. g3 Nd4 25. Rc7 Rf7 26. Rxf7 Kxf7 27. h4 g6 28. Kg2 Ne2 29. Nc4 Kf6 30. Re1 Nc3 31. Rc1 Ne2 32. Rc2 Nd4 33. Rd2 Nc6 34. Rc2 Nd4 35. Rb2 Rb8 36. Rd2 Rd8 37. Ne3 Nc6 38. Rc2 Ne5 39. Rc5 Rd2 40. Rxe5 Rxa2 41. Rc5 Rb2 42. Rc6+ Kg7 43. Rc7+ Kh6 44. Rb7 a5 45. Rb5 a4 46. bxa4 1-0